AoeStats
← TIMVP

Oasis

508317792Analyzed
3v3 RM · 10d ago on Sep 21, 2026· 50m 5s· 6 players
Game mode
Random Map
Map size
Normal (6 player)
Population
200
Speed
Normal
Resources
Standard
Victory
Conquest
Starting age
Dark Age
Ending age
Imperial Age
RankedLock teamsTeams togetherTeam positionsShared explorationLock speedFull tech treeHidden civsTurbo modeCheats
Victory
Defeat
🇵🇪 Romans · Peru
695
+12
🇵🇪 Dravidians · Peru
681
+13
🇨🇱 Magyars · Chile
663
+13
🇧🇷 Chinese · Brazil
683
-15
🇮🇹 Khmer · Italy
652
-14
🇺🇸 Huns · United States
491
-9
jrb9er
12:17 Feudal Age
16:18 Horse Collar
19:04 Castle Age
20:42 Scale Barding Armor
22:29 Gold Mining
22:59 Stone Mining
23:51 Husbandry
24:17 Chain Barding Armor
24:45 Gold Shaft Mining
27:16 Heavy Plow
29:51 Double-Bit Axe
34:36 Imperial Age
32:59 Scale Mail Armor
33:52 Pikeman
35:30 Chain Mail Armor
35:02 Cavalier
37:14 Halberdier
39:00 Wheelbarrow
38:56 Ballistics
38:12 Man-at-Arms
39:50 Forging
41:13 Chemistry
42:13 Long Swordsman
43:40 Hand Cart
45:02 Two-Handed Swordsman
Max10Meridio823
0:40 Loom
14:50 Feudal Age
18:01 Castle Age
20:28 Double-Bit Axe
20:27 Horse Collar
20:11 Pikeman
27:50 Fletching
32:26 Imperial Age
30:40 Stone Mining
30:41 Gold Mining
31:36 Wheelbarrow
32:15 Stone Shaft Mining
34:19 Heavy Plow
34:35 Bow Saw
35:34 Gold Shaft Mining
35:44 Hand Cart
35:36 Bodkin Arrow
35:53 Forging
35:47 Caravan
38:42 Elite Ballista Elephant
39:25 Double Crossbow
39:49 Bracer
40:24 Iron Casting
43:14 Chemistry
42:25 Fortified Wall
42:50 Heavy Scorpion
45:55 Blast Furnace
45:16 Masonry
NoobForever
0:30 Loom
12:49 Feudal Age
13:28 Double-Bit Axe
13:25 Horse Collar
13:52 Gold Mining
14:05 Stone Mining
28:35 Arson
30:44 Wheelbarrow
33:59 Castle Age
32:24 Fletching
32:35 Padded Archer Armor
32:55 Padded Archer Armor
35:32 Heavy Plow
36:12 Bow Saw
37:10 Gold Shaft Mining
37:42 Stone Shaft Mining
39:54 Hand Cart
39:24 Town Watch
41:56 Thumb Ring
42:29 Bodkin Arrow
42:49 Leather Archer Armor
45:03 Town Patrol
45:57 Murder Holes
46:13 Masonry
46:38 Ballistics
TIMVP
3:07 Loom
11:50 Feudal Age
12:15 Double-Bit Axe
13:10 Wheelbarrow
20:43 Castle Age
18:51 Stone Mining
18:46 Horse Collar
22:10 Gold Mining
23:54 Bow Saw
26:29 Hand Cart
26:44 Heavy Plow
33:31 Imperial Age
33:02 Ballistas
34:23 Gold Shaft Mining
33:54 Heavy Scorpion
35:24 Ballistics
36:39 Man-at-Arms
38:11 Long Swordsman
40:23 Legionary
41:07 Scale Mail Armor
41:17 Forging
44:18 Chain Mail Armor
44:39 Iron Casting
A†ilA
11:55 Loom
14:42 Feudal Age
16:03 Wheelbarrow
17:53 Double-Bit Axe
24:20 Castle Age
22:16 Horse Collar
26:34 Bow Saw
30:32 Imperial Age
31:01 Hand Cart
34:42 Conscription
37:13 Pikeman
37:53 Squires
38:30 Elite Urumi Swordsman
40:42 Ballistics
41:23 Chemistry
42:50 Forging
45:08 Halberdier
47:21 Elite Elephant Archer
Takhyom
4:27 Loom
10:34 Feudal Age
14:56 Double-Bit Axe
17:20 Scale Barding Armor
25:49 Castle Age
24:18 Stone Mining
26:12 Pikeman
27:22 Bow Saw
26:54 Horse Collar
28:35 Chain Barding Armor
28:37 Husbandry
27:59 Light Cavalry
29:25 Wheelbarrow
31:15 Gold Mining
31:44 Hand Cart
33:48 Corvinian Army
37:33 Gold Shaft Mining
40:03 Imperial Age
37:22 Town Watch
38:41 Fervor
38:56 Heavy Plow
39:12 Town Patrol
40:32 Elite Magyar Huszar
41:36 Conscription
42:30 Plate Barding Armor
43:56 Scale Mail Armor
45:11 Two-Man Saw
44:42 Crop Rotation
44:30 Bloodlines
43:41 Hussar
46:51 Chain Mail Armor
49:43 Ballistics
50:24 Chemistry
49:36 Masonry
49:22 Murder Holes
49:51 Sanctity
49:31 Devotion
49:26 Fletching
49:37 Padded Archer Armor
49:26 Treadmill Crane
50:13 Illumination
49:52 Recurve Bow
50:30 Hoardings
50:42 Siege Engineers
50:28 Heated Shot
Connection lost

Rejoining the realm…

Still unreachable

The connection could not be restored.

Session expired

The server has moved on; the page needs a fresh start.